 Dungeon Crawl Stone Soup version 0.31-a0-1499-ge0622b2318 (webtiles) character file.

Game seed: 15779046911426926166

73 zazu2006 the Chopper (level 4, 0/34 HPs)
             Began as a Gnoll Wanderer on Dec 29, 2023.
             Slain by Sigmund
             ... wielding a +0 scythe
              (6 damage)
             ... on level 2 of the Dungeon.
             The game lasted 00:03:22 (1234 turns).

zazu2006 the Chopper (Gnoll Wanderer)               Turns: 1234, Time: 00:03:22

Health: 0/34       AC:  3    Str: 10    XL:     4   Next: 27%
Magic:  6/6        EV: 12    Int: 12    God:
Gold:   20         SH:  0    Dex: 14    Spells: 5/5 levels left

rFire   . . .        a - +2 hand axe
rCold   . . .        (no shield)
rNeg    . . .        e - +0 robe
rPois   .            (no helmet)
rElec   .            (no cloak)
rCorr   .            (no gloves)
SInv    .            c - +0 pair of boots
Will    .....        (no amulet)
Stlth   ++           (no ring)
HPRegen 0.25/turn    (no ring)
MPRegen 0.10/turn

%: no passive effects
@: no status effects
A: fangs 1, strong nose, distributed training
a: no special abilities


You were on level 2 of the Dungeon.
You visited 1 branch of the dungeon, and saw 2 of its levels.

You collected 20 gold pieces.

Inventory:

Hand Weapons
 a - a +2 hand axe (weapon)
 b - a +0 quarterstaff
Armour
 c - a +0 pair of boots (worn)
 e - a +0 robe (worn)
Scrolls
 g - a scroll of silence {unknown}
 h - a scroll of teleportation {unknown}
 i - a scroll of identify {unknown}
 j - 2 scrolls of noise {unknown}
 k - a scroll of blinking {unknown}
Potions
 d - 2 potions of curing
 f - a potion of brilliance {unknown}
 l - a potion of might {unknown}


   Skills:
 + Level 2.7 Fighting
 + Level 1.1 Short Blades
 + Level 1.1 Long Blades
 + Level 6.6 Axes
 + Level 1.1 Maces & Flails
 + Level 1.1 Polearms
 + Level 2.7 Staves
 + Level 1.1 Ranged Weapons
 + Level 1.1 Throwing
 + Level 4.6 Armour
 + Level 2.7 Dodging
 + Level 2.5 Stealth
 + Level 1.1 Shields
 + Level 1.1 Unarmed Combat
 + Level 1.1 Spellcasting
 + Level 0.9 Conjurations
 + Level 0.9 Hexes
 + Level 0.9 Summonings
 + Level 0.9 Necromancy
 + Level 0.9 Translocations
 + Level 0.9 Fire Magic
 + Level 0.9 Ice Magic
 + Level 0.9 Air Magic
 + Level 0.9 Earth Magic
 + Level 0.9 Alchemy
 + Level 2.8 Invocations
 + Level 1.1 Evocations
 + Level 1.0 Shapeshifting


You had 5 spell levels left.
You didn't know any spells.
Your spell library was empty.

Dungeon Overview and Level Annotations

Branches:
Dungeon (2/15)

Altars:

Annotations:
D:2 Sigmund


Innate Abilities, Weirdness & Mutations

You have very sharp teeth.
Your uncanny sense of smell can sniff out nearby items.
Your experience applies equally to all skills.


Message History

You kill the ball python!
Sigmund hits you from afar with a +0 scythe.
You see here 2 pink potions.
Sigmund barely misses you.
A goblin comes into view. It is wielding a +0 club.
The goblin shouts!
You hit Sigmund.
Sigmund is lightly wounded.
Sigmund gestures at you while chanting. The puff of flame hits you.
You hit Sigmund.
Sigmund is moderately wounded.
You hit the ribbon worm. Sigmund barely misses you.
You hit Sigmund but do no damage.
Sigmund is moderately wounded.
You hit the ribbon worm. The ribbon worm closely misses you.
You hit Sigmund but do no damage. You bite Sigmund.
Sigmund is moderately wounded.
You barely miss the ribbon worm. Sigmund gestures at you while chanting.
The magic dart hits you!
* * * LOW HITPOINT WARNING * * *
The ribbon worm bites you but does no damage.
You feel better. Sigmund casts a spell at you. The puff of flame hits you!
* * * LOW HITPOINT WARNING * * *
The goblin hits you with a +0 club.
* * * LOW HITPOINT WARNING * * *
The ribbon worm expels a string of sticky webbing.
The stream of webbing hits you but does no damage.
You are caught in a web!
The web tears apart.
Sigmund mumbles some strange words.
Sigmund flickers and vanishes!
Deactivating autopickup; reactivate with Ctrl-A.
The goblin hits you with a +0 club.
* * * LOW HITPOINT WARNING * * *
Something hits you.
You die...

.# #....# #.._.†....
#########.....#
######.... .........
...# #.... .......##...
##... #........# #..<
#........# #...
#........# ####
#........## #.....@.g.#
#.....!.{.#
#########.......w......
#......................
#.................#....
#..........####+#.# ##+
#.....)....####.#.. .
#.............#.#### #.
#...........#.#.#.. .#


You could see a ribbon worm and a goblin.

Vanquished Creatures
  An adder (D:2)
  A gnoll (D:1)
  2 bats (D:1)
  8 endoplasms
  2 giant cockroaches
  7 goblins
  7 hobgoblins (D:1)
  3 quokkas
  8 ball pythons
  4 frilled lizards
  4 kobolds
  A rat (D:1)
48 creatures vanquished.

Notes
Turn   | Place    | Note
-------+----------+-------------------------------------------
     0 | D:1      | zazu2006 the Gnoll Wanderer began the quest for the Orb.
     0 | D:1      | zazu2006 set off with the following items: a +2 hand axe, a
                  | +0 quarterstaff, a +0 pair of boots, a potion of curing, a
                  | +0 robe.
     0 | D:1      | Reached XP level 1. HP: 17/17 MP: 2/2
    62 | D:1      | Reached XP level 2. HP: 23/23 MP: 3/3
   243 | D:1      | Reached XP level 3. HP: 22/28 MP: 4/4
   791 | D:1      | Reached skill level 1 in Short Blades
   791 | D:1      | Reached skill level 1 in Long Blades
   791 | D:1      | Reached skill level 1 in Maces & Flails
   791 | D:1      | Reached skill level 1 in Polearms
   791 | D:1      | Reached skill level 1 in Ranged Weapons
   791 | D:1      | Reached skill level 1 in Throwing
   791 | D:1      | Reached skill level 1 in Shields
   791 | D:1      | Reached skill level 1 in Unarmed Combat
   791 | D:1      | Reached skill level 1 in Spellcasting
   791 | D:1      | Reached skill level 1 in Evocations
   918 | D:2      | Reached skill level 1 in Shapeshifting
   918 | D:2      | Reached XP level 4. HP: 34/34 MP: 6/6
   982 | D:2      | Found a faded altar of an unknown god.
  1218 | D:2      | Noticed Sigmund
  1234 | D:2      | Slain by Sigmund

Illustrated notes

Levels and vault maps discovered:
D:1:      dpeg_arrival_tiny_a, layout_loops_corners
D:2:      cheibrodos_pilgrimage, layout_basic, basic_ecumenical_altar,
          minmay_misc_feat_room, grunt_decor_arrowhead,
          nicolae_concentric_dashed_squares_mild, uniq_sigmund

Skill      XL: |  1  2  3 |
---------------+----------+-----
Short Blades   | 1 |  1.1
Long Blades    | 1 |  1.1
Maces & Flails | 1 |  1.1
Polearms       | 1 |  1.1
Ranged Weapons | 1 |  1.1
Throwing       | 1 |  1.1
Shields        | 1 |  1.1
Unarmed Combat | 1 |  1.1
Spellcasting   | 1 |  1.1
Evocations     | 1 |  1.1
Shapeshifting  | 1 |  1.0
Fighting       | |  2.7
Axes           | |  6.6
Staves         | |  2.7
Armour         | |  4.6
Dodging        | |  2.7
Stealth        | |  2.5
Conjurations   | |  0.9
Hexes          | |  0.9
Summonings     | |  0.9
Necromancy     | |  0.9
Translocations | |  0.9
Fire Magic     | |  0.9
Ice Magic      | |  0.9
Air Magic      | |  0.9
Earth Magic    | |  0.9
Alchemy        | |  0.9
Invocations    | |  2.8

Action                     |  1- 3 |  4- 6 || total
---------------------------+-------+-------++-------
  Melee: Hand axe          |    69 |    29 ||    98
         Bite              |     4 |     1 ||     5
         Punch             |     1 |     1 ||     2
    Use: Potion            |       |     1 ||     1
   Stab: Sleeping          |     5 |     1 ||     6
 Armour: Robe              |    28 |    17 ||    45
  Dodge: Dodged            |    52 |     7 ||    59

Table legend: (Time is in decaauts)
 A = Elapsed time spent in this place.
 B = Non-inter-level travel time spent in this place.
 C = Inter-level travel time spent in this place.
 D = Time resting spent in this place.
 E = Time spent auto-exploring this place.
 F = Levels seen in this place.
 G = Mean time per level.
                   A        B        C        D        E       F      G
               +--------+--------+--------+--------+--------+-----+--------+
         Total |   1231 |   1229 |      2 |      0 |    922 |   2 |  615.5 |
       Dungeon |   1231 |   1229 |      2 |      0 |    922 |   2 |  615.5 |
               +--------+--------+--------+--------+--------+-----+--------+

Top non-repeatable levels by time:
     D:1: 909 daAuts
     D:2: 322 daAuts
